 Dungeon Crawl Stone Soup version 0.30.1-11-g7821555f0a (webtiles) character file.

Game seed: 15485436474720550519

329 Peloso the Slasher (level 6, 0/55 HPs)
             Began as a Minotaur Fighter on Dec 9, 2023.
             Succumbed to a scorpion's poison
             ... on level 5 of the Dungeon.
             The game lasted 00:06:10 (3478 turns).

Peloso the Slasher (Minotaur Fighter)               Turns: 3478, Time: 00:06:10

Health: 0/55       AC: 12    Str: 21    XL:     6   Next: 25%
Magic:  5/5        EV:  6    Int:  5    God:
Gold:   233        SH:  5    Dex: 11    Spells: 5/5 levels left

rFire   . . .        a - +0 long sword
rCold   . . .        d - +0 buckler
rNeg    . . .        c - +0 plate armour
rPois   +            (helmet restricted)
rElec   .            (no cloak)
rCorr   .            (no gloves)
SInv    .            (no boots)
Will    .....        (no amulet) Stlth
                     s - ring of poison resistance
HPRegen 0.29/turn    (no ring)
MPRegen 0.09/turn

%: no passive effects
@: lethally poisoned (0 -> -6)
A: horns 2, retaliatory headbutt
a: no special abilities


You were on level 5 of the Dungeon.
You visited 1 branch of the dungeon, and saw 5 of its levels.

You collected 233 gold pieces.

Inventory:

Hand Weapons
 a - a +0 long sword (weapon)
Armour
 b - a +0 scale mail
 c - a +0 plate armour (worn)
 d - a +0 buckler (worn)
Jewellery
 s - a ring of poison resistance (left hand)
Wands
 m - a wand of flame (46)
Scrolls
 f - 2 scrolls of identify {unknown}
 g - a scroll of enchant armour {unknown}
 i - 2 scrolls of acquirement
 q - 2 scrolls of amnesia {unknown}
 r - a scroll of immolation {unknown}
 t - a scroll of fog {unknown}
 u - a scroll of poison {unknown}
 w - 2 scrolls of teleportation {unknown}
 y - a scroll of enchant weapon {unknown}
Potions
 e - a potion of resistance {unknown}
 h - 3 potions of haste
 j - a potion of berserk rage
 k - a potion of lignification {unknown}
 l - 3 potions of might
 o - 2 potions of magic {unknown}
 p - a potion of heal wounds {unknown}
 v - a potion of brilliance {unknown}
 x - a potion of curing


   Skills:
 + Level 4.8 Fighting
 + Level 5.4 Long Blades
 + Level 5.3 Armour
 + Level 1.0 Dodging
 + Level 4.5 Shields


You had 5 spell levels left.
You didn't know any spells.
Your spell library contained the following spells:

 Spells                   Type           Power      Damage    Failure   Level
 Ensorcelled Hibernation  Hex/Ice        0%         N/A       100%        2
 Spider Form              Tmut/Pois      0%         N/A       100%        3
 Anguish                  Hex/Necr       0%         N/A       100%        4


Dungeon Overview and Level Annotations

Branches:
Dungeon (5/15)
 Temple: D:4-7

Altars:
Ashenzari
Vehumet


Innate Abilities, Weirdness & Mutations

You have a pair of horns on your head.
You reflexively headbutt those who attack you in melee.


Message History

You feel sick.
You feel sick.
The orc priest looks satisfied for a moment.
The scorpion attacks as you move away!
The scorpion stings you but does no damage.
You feel sick. You block the scorpion's attack.
You feel sick.
You are no longer poisoned.
The scorpion attacks as you move away!
The scorpion stings you but does no damage.
The scorpion attacks as you move away! The scorpion stings you.
You are poisoned.
The scorpion poisons you!
You feel very sick. You block the scorpion's attack.
You feel sick.
You feel sick.
You feel sick.
You feel sick.
You feel sick.
The scorpion stings you but does no damage.
The scorpion attacks as you move away! The scorpion closely misses you.
You feel sick.
You feel sick. The scorpion attacks as you move away!
The scorpion stings you but does no damage.
You feel sick.
You feel sick.
You are no longer poisoned.
The scorpion stings you but does no damage.
The scorpion attacks as you move away! The scorpion stings you.
* * * LOW HITPOINT WARNING * * *
You are lethally poisoned!
The scorpion poisons you!
* * * LOW HITPOINT WARNING * * *
You feel very sick.
* * * LOW HITPOINT WARNING * * *
You feel very sick.
There is a stone staircase leading up here.
You die...

#### ##.@###
#...s.## ##......##
## #........## ..#
#......#.>## ...#
#....###...##...#
#.##..##.........#
.................##
....................


You could see a scorpion.

Vanquished Creatures
  A black bear (D:5)
  A kobold brigand (D:4)
  A sleepcap (D:2)
  8 adders
  2 worms
  3 dart slugs
  2 orcs (D:3)
  3 ball pythons
  5 endoplasms
  5 giant cockroaches
  6 goblins
  4 hobgoblins
  4 jackals (D:4)
  2 quokkas
  10 bats
  3 frilled lizards
  5 kobolds
  4 rats
69 creatures vanquished.

Notes
Turn   | Place    | Note
-------+----------+-------------------------------------------
     0 | D:1      | Peloso the Minotaur Fighter began the quest for the Orb.
     0 | D:1      | Reached XP level 1. HP: 19/19 MP: 0/0
   113 | D:1      | Reached XP level 2. HP: 27/27 MP: 1/1
   807 | D:2      | You fall into a shaft and drop 2 floors!
   839 | D:4      | Found a radiant altar of Vehumet.
   844 | D:4      | Reached XP level 3. HP: 29/33 MP: 2/2
  1298 | D:2      | Reached XP level 4. HP: 28/41 MP: 3/3
  1833 | D:3      | Found a broken altar of Ashenzari.
  2337 | D:3      | Identified 2 scrolls of acquirement
  2494 | D:4      | Reached XP level 5. HP: 46/47 MP: 4/4
  2744 | D:4      | Reached skill level 5 in Armour
  3235 | D:5      | Entered Level 5 of the Dungeon
  3279 | D:5      | Noticed a black bear
  3292 | D:5      | Killed a black bear
  3293 | D:5      | Reached skill level 5 in Long Blades
  3293 | D:5      | Reached skill level 1 in Dodging
  3293 | D:5      | Reached XP level 6. HP: 36/55 MP: 5/5
  3477 | D:5      | HP: 1/55 [poisoned by a scorpion]
  3478 | D:5      | Succumbed to a scorpion's poison

Illustrated notes

Levels and vault maps discovered:
D:1:      lightli_arrival_quake, layout_rooms, serial_curves, eino_curves_03,
          eino_curves_01
D:2:      layout_basic, minmay_misc_feat_cross
D:3:      layout_loops_ring, evilmike_ruin_ashenzari
D:4:      layout_basic, vehumet_altar_wand_db, nrook_campfire
D:5:      layout_cave_pools, minmay_statues_item, hangedman_decor_opposing

Skill      XL: |  1  2  3  4  5 |
---------------+----------------+-----
Fighting       | 4 |  4.8
Armour         | 4 5 |  5.3
Shields        | 4 |  4.5
Long Blades    | 3 4 5 |  5.4
Dodging        | 1 |  1.0

Action                     |  1- 3 |  4- 6 || total
---------------------------+-------+-------++-------
  Melee: Long sword        |   102 |    92 ||   194
         Headbutt          |    11 |    12 ||    23
    Use: Potion            |     3 |     1 ||     4
         Scroll            |       |     2 ||     2
 Armour: Scale mail        |    32 |       ||    32
         Plate armour      |    37 |    71 ||   108
  Dodge: Dodged            |    42 |    28 ||    70
  Block: Buckler           |    21 |    24 ||    45
